 Dungeon Crawl Stone Soup version 0.29.1-15-g9cfb28693d (webtiles) character file.

Game seed: 1929479759423685105

30 styxcanada the Sneak (level 3, -5/18 HPs)
             Began as a Spriggan Brigand on Feb 24, 2023.
             Slain by Crazy Yiuf
             ... wielding a +4 quarterstaff of chaos
              (8 damage)
             ... while paralysed by Crazy Yiuf
             ... on level 3 of the Dungeon.
             The game lasted 00:04:20 (1625 turns).

styxcanada the Sneak (Spriggan Brigand)             Turns: 1625, Time: 00:04:20

Health: -5/18      AC:  3    Str:  7    XL:     3   Next: 5%
Magic:  13/13      EV:  4    Int: 12    God:
Gold:   21         SH:  0    Dex: 18    Spells: 2/2 levels left

rFire   . . .      SeeInvis +   a - +2 dagger
rCold   . . .      Faith    .   h - +0 buckler
rNeg    . . .      Spirit   .   b - +0 robe
rPois   .          Reflect  .   (helmet restricted)
rElec   .          Harm     .   c - +0 cloak
rCorr   .          Rampage  .   (gloves unavailable)
Will    .....                   (boots unavailable)
Stlth   ++++......              o - amulet of the acrobat
HPRegen 0.06/turn               j - ring of magical power
MPRegen 0.13/turn               (no ring)

@: paralysed, very quick
A: very small, no large weapons, unfitting armour, see invisible, speed 3
a: no special abilities


You were on level 3 of the Dungeon.
You visited 1 branch of the dungeon, and saw 3 of its levels.

You collected 21 gold pieces.

Inventory:

Hand Weapons
 a - a +2 dagger (weapon)
Missiles
 d - 5 poisoned darts (quivered)
 e - 3 curare-tipped darts
Armour
 b - a +0 robe (worn)
 c - a +0 cloak (worn)
 h - a +0 buckler (worn)
 k - an orb of wrath
Jewellery
 j - a ring of magical power (left hand)
 l - a ring of resist corrosion
 o - an amulet of the acrobat (around neck)
Potions
 f - a potion of might {unknown}
 g - 3 potions of curing {unknown}
 i - a potion of degeneration {unknown}
 m - a potion of heal wounds {unknown}
 n - a potion of invisibility {unknown}


   Skills:
 * Level 1.7 Fighting
 + Level 2.2 Short Blades
 + Level 2.0 Throwing
 * Level 2.0 Dodging
 * Level 6.8 Stealth
 * Level 0.4 Shields


You had 2 spell levels left.
You didn't know any spells.
Your spell library contained the following spells:

 Spells                   Type           Power      Damage    Failure   Level
 Portal Projectile        Hex/Tloc       0%         N/A       91%         3
 Tukima's Dance           Hex            0%         N/A       91%         3
 Blade Hands              Tmut           0%         N/A       100%        5


Dungeon Overview and Level Annotations

Branches:
Dungeon (2/15)

Altars:

Annotations:
D:3 Crazy Yiuf


Innate Abilities, Weirdness & Mutations

You are very small and have problems with some larger weapons.
You are too small for most types of armour.
You have supernaturally acute eyesight. (SInv)
You cover ground extremely quickly. (Speed+++)


Message History

You see here a +0 hammer.
Crazy Yiuf laughs, "Proton poople canine!"
Crazy Yiuf looks more healthy.
Throw: 8 darts (poison)
Press: ? - help, Q - select action, (/) - cycle Shift-Dir - straight line, f/p - Crazy Yiuf
Aim: Crazy Yiuf, wielding a +4 quarterstaff of chaos and wearing a +0 cloak (heavily wounded, fast, 65% to hit)
You throw a poisoned dart. The poisoned dart hits Crazy Yiuf.
Crazy Yiuf is poisoned.
Crazy Yiuf is heavily wounded.
Crazy Yiuf laughs, "Seed childish arm!"
Throw: 7 darts (poison)
Press: ? - help, Q - select action, (/) - cycle Shift-Dir - straight line, f/p - Crazy Yiuf
Aim: Crazy Yiuf, wielding a +4 quarterstaff of chaos and wearing a +0 cloak (severely wounded, fast, poisoned, 65% to hit)
You throw a poisoned dart.
The poisoned dart barely misses Crazy Yiuf.
Crazy Yiuf looks more healthy.
Crazy Yiuf barely misses you.
Found 15 gold pieces.
A dart slug comes into view.
Found 15 gold pieces.
A giant cockroach comes into view.
A goblin, an orc and an adder come into view.
Found a leather armour.
An orc comes into view. It is wielding a +0 dagger.
The adder hisses angrily.
Found a stone staircase leading down.
A quokka comes into view.
An orc comes into view. It is wielding a +0 hand axe.
The orc shouts!
You hear a shout!
Throw: 6 darts (poison)
Press: ? - help, Q - select action, (/) - cycle Shift-Dir - straight line, f/p - Crazy Yiuf
Aim: Crazy Yiuf, wielding a +4 quarterstaff of chaos and wearing a +0 cloak (severely wounded, fast, 65% to hit)
You throw a poisoned dart. The poisoned dart hits Crazy Yiuf.
Crazy Yiuf is poisoned.
Crazy Yiuf is severely wounded.
The orc shouts!
Crazy Yiuf hits you with a +4 quarterstaff of chaos.
* * * LOW HITPOINT WARNING * * *
You suddenly lose the ability to move!
Crazy Yiuf hits you with a +4 quarterstaff of chaos!
You die...

... >...## ##
..o.o.. ..
.B...r.[#####.
......go......#
.w.......$....###..
.......S...........
...........@..##..
...........g.......
#
..........(...#....
#
..........#.....##.
#
..........#...#...
#
########...........
#..##.#.$.... ♣
#.......##### ♣
#.####..#


You could see Crazy Yiuf (fast, poisoned), an adder, 3 orcs, a quokka and a
goblin.

Vanquished Creatures
  A dart slug (D:1)
  A bat (D:1)
  An endoplasm (D:1)
  A giant cockroach (D:1)
  A goblin (D:1)
  4 hobgoblins
  4 jackals (D:1)
  A quokka (D:1)
  5 ball pythons (D:1)
  A frilled lizard (D:1)
  A kobold (D:1)
  4 rats (D:1)
25 creatures vanquished.

Notes
Turn   | Place    | Note
-------+----------+-------------------------------------------
     0 | D:1      | styxcanada the Spriggan Brigand began the quest for the
                  | Orb.
     0 | D:1      | Reached XP level 1. HP: 10/10 MP: 2/2
    52 | D:1      | Reached skill level 6 in Stealth
   338 | D:1      | Reached XP level 2. HP: 14/14 MP: 3/3
  1003 | D:1      | Reached XP level 3. HP: 18/18 MP: 4/4
  1555 | D:2      | You fall into a shaft and drop 1 floor!
  1576 | D:3      | Found a runed translucent door.
  1577 | D:3      | Noticed Crazy Yiuf
  1624 | D:3      | Paralysed by Crazy Yiuf for 2 turns
  1625 | D:3      | Slain by Crazy Yiuf

Illustrated notes

Levels and vault maps discovered:
D:1:      psy_arrival_heroes, layout_basic, nicolae_titane
D:2:      layout_basic, ebering_ecumenical_altar_petrified, minivault_23,
          minmay_quadrilaterals
D:3:      layout_rooms, marbit_many_paths, minivault_27, uniq_terence,
          uniq_crazy_yiuf_cottage, uniq_jessica

Skill      XL: |  1  2 |
---------------+-------+-----
Stealth        | 6 |  6.8
Dodging        | 2 |  2.0
Fighting       | |  1.7
Short Blades   | |  2.2
Throwing       | |  2.0
Shields        | |  0.4

Action                   || total
-------------------------++-------
Melee: Dagger            ||    70
Throw: Dart              ||     5
  Use: Scroll            ||     1
 Stab: Sleeping          ||     8
       Distracted        ||     1
Armor: Robe              ||     7
Dodge: Dodged            ||    37
Block: Buckler           ||     8
